 Dungeon Crawl Stone Soup version 0.27-a0-1196-g3e9cee4cb2 (webtiles) character file.

Game seed: 7733416157654369591

1225 tilp the Summoner (level 8, -2/90 HPs)
             Began as a Barachi Summoner on May 27, 2021.
             Splashed by a jelly's acid (5 damage)
             ... on level 6 of the Dungeon.
             The game lasted 00:11:11 (7361 turns).

tilp the Summoner (Barachi Summoner)                Turns: 7361, Time: 00:11:12

Health: -2/90      AC: 28    Str: 12    XL:     8   Next: 47%
Magic:  5/14       EV:  2    Int: 16    God:
Gold:   498        SH:  5    Dex: 12    Spells: 9/15 levels left

rFire    . . .     SeeInvis +   a - +3 long sword
rCold    . . .     Faith    .   i - +0 buckler
rNeg     + + +     Spirit   .   (armour currently unavailable)
rPois    +         Reflect  .   (helmet currently unavailable)
rElec    .         Harm     .   (cloak currently unavailable)
rCorr    .         Rampage  .   (gloves currently unavailable)
Will     .....     NoTele   +   (boots currently unavailable)
Stlth    ++........             (no amulet)
HPRegen  0.25/turn              e - +4 ring of protection
MPRegen  0.14/turn              k - ring of see invisible

@: tree-form
A: stationary, stasis, torment immunity, boosted hp, (amphibious), (slowness 1),
(strong legs 1), +LOS
a: no special abilities


You were on level 6 of the Dungeon.
You were a tree.
You visited 1 branch of the dungeon, and saw 6 of its levels.

You collected 1135 gold pieces.
You spent 637 gold pieces at shops.

Inventory:

Hand Weapons
 a - a +3 long sword (weapon)
 b - a +3 trident
 C - a +0 trident
Missiles
 m - 14 poisoned darts
 p - 3 boomerangs (quivered)
 A - a curare-tipped dart
Armour
 i - a +0 buckler (worn)
 l - a +1 ring mail (melded)
 v - a +1 leather armour of fire resistance
 w - a +0 cloak (melded)
 x - a +0 ring mail of cold resistance
 B - a +1 pair of gloves of archery (melded)
Jewellery
 e - a +4 ring of protection (left branch)
 k - a ring of see invisible (right branch)
 y - a ring of fire
Wands
 u - a wand of flame (20)
 D - a wand of iceblast (9)
Scrolls
 d - a scroll of fear
 t - 2 scrolls of teleportation
 z - a scroll of fog
Potions
 c - 2 potions of cancellation
 f - a potion of heal wounds {unknown}
 g - a potion of haste {unknown}
 h - 2 potions of attraction
 j - a potion of flight {unknown}
 n - a potion of might {unknown}
 o - a potion of mutation {unknown}
 q - a potion of magic {unknown}
 r - a potion of lignification
 s - a potion of curing {unknown}


   Skills:
 - Level 4.0 Fighting
 - Level 4.0 Dodging
 - Level 4.0 Stealth
 - Level 4.0 Shields
 - Level 4.0 Spellcasting
 - Level 8.0 Summonings
 + Level 2.7 Evocations


You had 9 spell levels left.
You knew the following spells:

 Your Spells              Type           Power      Damage    Failure   Level
a - Summon Small Mammal   Summ           100%       N/A       1%          1
b - Call Imp              Summ           28%        N/A       1%          2
c - Call Canine Familiar  Summ           28%        N/A       1%          3

Your spell library contained the following spells:

 Spells                   Type           Power      Damage    Failure   Level
 Summon Guardian Golem    Hex/Summ       16%        N/A       10%         3
 Animate Skeleton         Necr           6%         N/A       17%         1
 Pain                     Necr           12%        1d4       17%         1
 Summon Ice Beast         Ice/Summ       16%        N/A       32%         4
 Summon Lightning Spire   Summ/Air       16%        N/A       32%         4
 Vampiric Draining        Necr           1%         2d6       45%         3
 Animate Dead             Necr           1%         N/A       86%         4
 Agony                    Necr           3%         N/A       99%         5


Dungeon Overview and Level Annotations

Branches:
Dungeon (6/15)             Temple (0/1) D:6

Altars:
Cheibriados
Dithmenos
Elyvilon
Kikubaaqudgha
Makhleb
Vehumet

Shops:
D:2 (   D:4 [


Innate Abilities, Weirdness & Mutations

You are a tree.
Your roots penetrate the ground, keeping you stationary.
You cannot be teleported.
You are immune to unholy pain and torment.
Your maximum health is greatly increased.
Your equipment is partially melded.
((You are amphibious.))
((You cover ground slowly.))
((You can hop short distances.))
You have an extended range of vision and can be seen from far away.


Message History

Your hound closely misses the orc priest.
The orc priest hits your hound with a +0 club.
You block the orc priest's attack. The jelly hits you but does no damage.
Unknown command.
Casting: Call Imp (safe; 2% risk of failure)
Confirm with . or Enter, or press ? or * to list all spells.
A shadowy apparition takes form in the air.
Your hound bites the orc priest.
The orc priest closely misses your hound.
The orc priest hits you but does no damage.
The jelly hits you but does no damage.
Your hound closely misses the orc priest.
Casting: Call Imp (safe; 2% risk of failure)
Confirm with . or Enter, or press ? or * to list all spells.
A beastly little devil appears in a puff of flame.
Your hound misses the orc priest. The orc priest misses your hound.
The orc priest invokes the aid of Beogh against you.
Beogh smites you!
* * * LOW HITPOINT WARNING * * *
The jelly closely misses you.
Your crimson imp barely misses the orc priest.
Okay, then.
Really quaff the potion of lignification?
Okay, then.
Really quaff the potion of lignification?
You turn into a tree.
Your +0 cloak melds into your body.
Your +1 pair of gloves of archery melds into your body.
Your +1 ring mail melds into your body.
Your aim is not that steady anymore.
Your roots penetrate the ground.
Your hound closely misses the orc priest.
The orc priest closely misses your hound.
The orc priest mumbles some strange prayers to Beogh against you.
Beogh smites you!
* * * LOW HITPOINT WARNING * * *
Your shadow imp closely misses the orc priest.
You block the jelly's attack.
Your crimson imp closely misses the orc priest.
Your hound bites the orc priest.
You hit the jelly.
Your branches burn!
You die...

.... .#####? #
..............##
#...#.#.#.#.#..##
##...............##
.##....#.......#.....
...............o.....
.......#...>..h#...<.
............Jo......#
.......#....♣55#..#
#.........5.(...#
###..#.#.#.#.#.##
##...........#
###.....###.###
######.......# .#
.............##.##
........<.......#
#######...#...###


You could see a jelly (ally target), 2 orc priests, a friendly hound (summoned),
2 friendly crimson imps and a friendly shadow imp (summoned).

Vanquished Creatures
  An ice beast (D:5)
  A necrophage (D:5)
  A centaur (D:5)
  4 phantoms
  A kobold brigand (D:4)
  A crimson imp (D:5)
  A bullfrog zombie (D:5)
  A hound (D:5)
  2 bullfrog skeletons (D:5)
  7 adders
  A worm (D:2)
  2 dart slugs
  3 orcs
  An endoplasm (D:4)
  A giant cockroach (D:2)
  10 goblins
  3 hobgoblins
  A jackal (D:1)
  A quokka (D:3)
  3 ball pythons
  A bat (D:3)
  2 frilled lizards (D:2)
  2 kobolds (D:4)
  3 rats
54 creatures vanquished.

Vanquished Creatures (collateral kills)
  Eustachio (D:4)
  A water moccasin (D:5)
  A black bear (D:5)
  A necrophage (D:4)
  A water moccasin skeleton (D:4)
  A centaur skeleton (D:4)
  An iguana (D:5)
  An adder (D:2)
  An ufetubus (D:4)
  2 worms
  3 dart slugs
  3 orcs (D:4)
  5 endoplasms
  2 giant cockroaches (D:2)
  A goblin (D:2)
  A hobgoblin (D:2)
  6 jackals
  3 kobolds
  3 quokkas
  A ball python (D:2)
  A bat (D:1)
  A frilled lizard (D:1)
  2 rats
43 creatures vanquished.

Vanquished Creatures (others)
  5 plants (D:1)
5 creatures vanquished.

Grand Total: 102 creatures vanquished

Notes
Turn   | Place    | Note
-------+----------+-------------------------------------------
     0 | D:1      | tilp the Barachi Summoner began the quest for the Orb.
     0 | D:1      | Reached XP level 1. HP: 13/13 MP: 3/3
   147 | D:1      | Found a faded altar of an unknown god.
   274 | D:1      | Reached skill level 1 in Fighting
   547 | D:1      | Reached XP level 2. HP: 22/22 MP: 1/5
  1051 | D:2      | Learned a level 2 spell: Call Imp
  1334 | D:2      | Reached XP level 3. HP: 29/29 MP: 1/6
  1338 | D:2      | Learned a level 3 spell: Call Canine Familiar
  1404 | D:2      | Reached skill level 1 in Shields
  1736 | D:2      | Found Buoluuto's Weapon Shoppe.
  2531 | D:3      | Reached XP level 4. HP: 32/35 MP: 3/7
  2765 | D:3      | Found a shadowy altar of Dithmenos.
  2818 | D:3      | Found a snail-covered altar of Cheibriados.
  3795 | D:4      | Noticed a necrophage
  3851 | D:4      | Killed a necrophage
  3852 | D:4      | Reached XP level 5. HP: 41/41 MP: 0/8
  4068 | D:4      | Reached skill level 5 in Summonings
  4323 | D:4      | Found Xiam's Antique Armour Emporium.
  4680 | D:4      | Noticed a phantom
  4693 | D:4      | Killed a phantom
  4694 | D:4      | Reached skill level 6 in Summonings
  4694 | D:4      | Reached XP level 6. HP: 45/47 MP: 4/10
  4829 | D:4      | Noticed Eustachio
  5075 | D:4      | Found an ancient bone altar of Kikubaaqudgha.
  5103 | D:4      | Killed Eustachio
  5245 | D:4      | Found a white marble altar of Elyvilon.
  5336 | D:5      | Entered Level 5 of the Dungeon
  5365 | D:4      | Reached XP level 7. HP: 47/54 MP: 8/11
  6184 | D:5      | Found a burning altar of Makhleb.
  6185 | D:5      | Found a radiant altar of Vehumet.
  6410 | D:4      | Reached XP level 8. HP: 31/60 MP: 10/13
  6675 | D:5      | Reached skill level 7 in Summonings
  6829 | D:5      | Reached skill level 8 in Summonings
  6829 | D:5      | Reached skill level 1 in Evocations
  6977 | D:5      | Identified a scroll of acquirement
  6977 | D:5      | Acquired 862 gold pieces
  7037 | D:4      | Bought a cloak for 139 gold pieces
  7037 | D:4      | Bought a pair of runed gloves for 232 gold pieces
  7163 | D:2      | Bought a +3 trident for 266 gold pieces
  7342 | D:6      | Found a staircase to the Ecumenical Temple.
  7360 | D:6      | HP: 3/90 [orc priest/divine providence (12)]
  7361 | D:6      | Splashed by a jelly's acid

Illustrated notes

Levels and vault maps discovered:
D:1:      noname_arrival_rooms_in_the_neighbourhood, layout_loops_ring,
          shapermc_ecumenical_altar_mp_urbaneastern, serial_bayou_lagoon_b
D:2:      layout_basic, serial_shops, shop, minmay_pentomino_q4
D:3:      layout_loops_corners, nicolae_overflow_crystal_walls,
          grunt_dithmenos_smoke
D:4:      layout_basic, kennysheep_mini_moat,
          nicolae_kikubaaqudgha_miasma_corner, serial_shops, shop,
          uniq_eustachio
D:5:      layout_loops_ring, grunt_temple_overflow_lords_of_destruction,
          st_stairs_1
D:6:      layout_layer_cave, lemuel_round_altar, nicolae_ashenzari_skybound,
          doesnt_xom_only_xom, minmay_temple_entry_glass, serial_shops,
          kennysheep_little_box, serial_glass, glass_columns_c, glass_columns_a,
          uniq_duvessa

Skill      XL: |  1  2  3  4  5  6  7  8 |
---------------+-------------------------+-----
Fighting       | 2 3 4 |  4.0
Shields        | 2 3 4 |  4.0
Summonings     | 6 8 |  8.0
Spellcasting   | 3 4 |  4.0
Dodging        | 3 4 |  4.0
Stealth        | 2 4 |  4.0
Evocations     | 2 |  2.7

Action                   |  1- 3 |  4- 6 |  7- 9 || total
-------------------------+-------+-------+-------++-------
Melee: Dagger            |   145 |    90 |       ||   235
       Long sword        |       |    51 |   113 ||   164
Throw: Dart              |       |       |     3 ||     3
       Boomerang         |       |       |     5 ||     5
 Cast: Summon Small Mamm |    23 |       |       ||    23
       Call Imp          |    23 |    24 |    10 ||    57
       Call Canine Famil |       |     7 |     8 ||    15
  Use: Scroll            |     7 |     2 |     1 ||    10
       Potion            |       |       |     1 ||     1
 Stab: Distracted        |       |     2 |     1 ||     3
Armor: Robe              |    41 |       |       ||    41
       Ring mail         |    17 |    73 |    57 ||   147
Dodge: Dodged            |   121 |    99 |    84 ||   304
Block: Buckler           |       |    18 |    32 ||    50
       Rpst.: Long sword |       |    12 |    23 ||    35

Table legend: (Time is in decaauts)
 A = Elapsed time spent in this place.
 B = Non-inter-level travel time spent in this place.
 C = Inter-level travel time spent in this place.
 D = Time resting spent in this place.
 E = Time spent auto-exploring this place.
 F = Levels seen in this place.
 G = Mean time per level.
                   A        B        C        D        E       F      G
               +--------+--------+--------+--------+--------+-----+--------+
         Total |   8236 |   7734 |    502 |    886 |   5570 |   6 | 1372.7 |
       Dungeon |   8236 |   7734 |    502 |    886 |   5570 |   6 | 1372.7 |
               +--------+--------+--------+--------+--------+-----+--------+

Top non-repeatable levels by time:
     D:4: 2088 daAuts
     D:2: 1825 daAuts
     D:5: 1638 daAuts
     D:3: 1535 daAuts
     D:1: 1097 daAuts
     D:6: 52 daAuts
